 Dungeon Crawl Stone Soup version 0.24.0-13-gcf9b319 (webtiles) character file.

Game seed: 8793937012489406130, levelgen mode: deterministic

46 Fang the Skirmisher (level 3, -7/24 HPs)
             Began as a Gargoyle Berserker on Nov 19, 2019.
             Was a Follower of Trog.
             Mangled by a gnoll
             ... wielding a +0 flail
              (12 damage)
             ... on level 2 of the Dungeon.
             The game lasted 00:01:35 (644 turns).

Fang the Skirmisher (Gargoyle Berserker)             Turns: 644, Time: 00:01:36

Health: -7/24      AC:  5    Str: 21    XL:     3   Next: 68%
Magic:  3/3        EV: 12    Int:  7    God:    Trog [*.....]
Gold:   25         SH:  0    Dex:  9    Spells: 2/2 levels left

rFire    . . .     SeeInvis .   a - +0 hand axe
rCold    . . .     Gourm    .   (no shield)
rNeg     + . .     Faith    .   b - +0 animal skin
rPois    ∞         Spirit   .   (no helmet)
rElec    +         Reflect  .   (no cloak)
rCorr    .         Harm     .   (no gloves)
MR       .....                  (no boots)
Stlth    +.........             (no amulet)
HPRegen  0.08/turn              (no ring)
MPRegen  0.08/turn              (no ring)

@: berserk cooldown, slowed, very slow
A: negative energy resistance 1, electricity resistance, unbreathing,
petrification resistance, rot immunity, AC +3
a: Berserk, Renounce Religion


You were on level 2 of the Dungeon.
You worshipped Trog.
Trog was aware of your devotion.
You were not hungry.

You visited 1 branch of the dungeon, and saw 2 of its levels.

You collected 25 gold pieces.

Inventory:

Hand Weapons
 a - a +0 hand axe (weapon)
Armour
 b - a +0 animal skin (worn)
Scrolls
 f - 3 scrolls of identify {unknown}
Potions
 e - 3 potions of heal wounds {unknown}
Comestibles
 c - 3 rations
 d - 3 chunks of flesh


   Skills:
 + Level 3.8 Fighting
 + Level 3.1 Axes
 + Level 2.8 Armour
 + Level 2.1 Dodging


You had 2 spell levels left.
You didn't know any spells.
Your spell library was empty.

Dungeon Overview and Level Annotations

Branches:
Dungeon (2/15)

Altars:


Innate Abilities, Weirdness & Mutations

You are resistant to torment.
Your stone body is resilient. (AC +3)
You are immune to poison.
You resist negative energy. (rN+)
You are resistant to electric shocks. (rElec)
You can survive without breathing.
You are immune to petrification.
You are immune to rotting.


Message History

You struggle against the net.
You feel a strong urge to attack something.
You tear a large gash into the net.
The gnoll hits you with a +0 flail.
You shred the net and break free!
You feel your anger nearly subside.
You are no longer berserk.
You are exhausted.
You feel yourself slow down. The gnoll misses you.
You are too injured to fight recklessly!
You slash the gnoll!
The gnoll is heavily wounded.
You barely miss the gnoll. The gnoll hits you with a +0 whip.
* * * LOW HITPOINT WARNING * * *
The gnoll barely misses you. The gnoll completely misses you.
The gnoll throws a throwing net.
The throwing net misses you.
You completely miss the gnoll.
The gnoll is heavily wounded.
You completely miss the gnoll. The gnoll barely misses you.
The gnoll misses you. x2; The gnoll hits you with a +0 flail!
Ouch! That really hurt!
You die...

##. ......... ###..##
#........
##.....###........ .
##......(##........
..#......>..#........
.................#
#.........#gg...#
..#.......)..@g...#
#......<....##.###
..#...)..(.....#
#.....†...##....
#.........# #.##
..........(.......
.##..........## ##.
#.........##
##.......##


You could see 3 gnolls.

Vanquished Creatures
  An ooze (D:1)
  4 dart slugs (D:1)
  4 bats
  6 giant cockroaches (D:1)
  A hobgoblin (D:2)
  3 jackals (D:1)
  4 frilled lizards
  2 goblins (D:1)
  6 kobolds
  A rat (D:1)
32 creatures vanquished.

Notes
Turn   | Place    | Note
-------+----------+-------------------------------------------
     0 | D:1      | Fang the Gargoyle Berserker began the quest for the Orb.
     0 | D:1      | Reached XP level 1. HP: 14/14 MP: 1/1
     8 | D:1      | Noticed an electric eel
     8 | D:1      | Noticed an electric eel
    80 | D:1      | Reached XP level 2. HP: 15/19 MP: 2/2
   223 | D:1      | Reached XP level 3. HP: 13/24 MP: 3/3
   644 | D:2      | Mangled by a gnoll

Levels and vault maps discovered:
D:1:      arrival_aquarium_b, layout_basic
D:2:      layout_rooms, cheibriados_altar_1, chequers_ecumenical_altar_simple

Skill      XL: |  1  2  3 |
---------------+----------+-----
Axes           | 3 |  3.1
Dodging        | 2 |  2.1
Fighting       | |  3.8
Armour         | |  2.8

Action                   || total
-------------------------++-------
Melee: Hand axe          ||   107
Invok: Berserk           ||     1
 Stab: Sleeping          ||     2
Armor: Animal skin       ||    37
Dodge: Dodged            ||    86
